 Dungeon Crawl Stone Soup version 0.21-a0-104-g7b58145 (webtiles) character file.

4436 Ordine the Cleaver (level 10, -6/84 HPs)
             Began as a Deep Dwarf Fighter on July 6, 2017.
             Was an Initiate of Makhleb.
             Mangled by a two-headed ogre
             ... wielding a +0 giant spiked club
              (16 damage)
             ... on level 9 of the Dungeon.
             The game lasted 00:24:54 (6905 turns).

Ordine the Cleaver (Deep Dwarf Fighter)             Turns: 6905, Time: 00:24:55

Health: -6/84      AC: 10    Str: 16    XL:     10   Next: 14%
Magic:  19/19      EV: 11    Int:  8    God:    Makhleb [......]
Gold:   487        SH: 11    Dex: 14    Spells: 9/9 levels left

rFire    . . .     SeeInvis +   a - +1 war axe
rCold    + + .     Gourm    .   c - +0 shield
rNeg     . . .     Faith    .   C - +1 robe of the Countless Hells {rPois rCorr Int-3 SInv}
rPois    +         Spirit   .   k - +0 helmet
rElec    .         Reflect  .   s - +2 cloak
rCorr    +         Harm     .   m - +0 pair of gloves of a sewer {MR+}
MR       ++...                  E - +0 pair of boots "Viuzuit" {rPois rC++ Str-5 Dex+2}
Stlth    +.........             h - amulet of rage
HPRegen  0.00/turn              i - ring of magical power
MPRegen  0.16/turn              (no ring)

@: non-regenerating
A: damage resistance, heal wounds, sense surroundings 2, no regeneration
a: Heal Wounds, Renounce Religion, Evoke Berserk Rage


You were on level 9 of the Dungeon.
You worshipped Makhleb.
Makhleb was noncommittal.
You were hungry.

You visited 2 branches of the dungeon, and saw 10 of its levels.

You collected 487 gold pieces.

Inventory:

Hand Weapons
 a - a +1 war axe (weapon)
Armour
 c - a +0 shield (worn)
 k - a +0 helmet (worn)
 l - a +0 plate armour
 m - the +0 pair of gloves of a sewer (worn) {MR+}
   (You found it on level 4 of the Dungeon)

   It affects your resistance to hostile enchantments.
 s - a +2 cloak (worn)
 C - the +1 robe of the Countless Hells (worn) {rPois rCorr Int-3 SInv}
   (You found it on level 7 of the Dungeon)

   It affects your intelligence (-3).
   It protects you from poison.
   It lets you see invisible.
   It protects you from acid and corrosion.
 E - the +0 pair of boots "Viuzuit" (worn) {rPois rC++ Str-5 Dex+2}
   (You found it on level 6 of the Dungeon)

   It affects your strength (-5).
   It affects your dexterity (+2).
   It greatly protects you from cold.
   It protects you from poison.
Magical Staves
 w - an uncursed staff of air
Jewellery
 h - an amulet of rage (around neck)
 i - a ring of magical power (left hand)
Wands
 B - a wand of disintegration (2/24)
Scrolls
 b - 6 scrolls of remove curse
 e - a scroll of recharging
 o - 2 scrolls of fear
 p - 3 scrolls of teleportation
 q - 2 scrolls of magic mapping
 r - a scroll of enchant weapon
 t - a scroll of blinking
 y - 2 scrolls of immolation
 J - a scroll of enchant armour
Potions
 d - 2 potions of agility
 g - 4 potions of mutation
 u - a potion of lignification
 x - 2 potions of berserk rage
 z - 2 potions of heal wounds
 A - 3 potions of curing
 D - 2 potions of flight
 F - a potion of might
 G - a potion of resistance
 H - a potion of degeneration {unknown}
 K - 2 potions of haste {unknown}
Comestibles
 f - 6 bread rations
 j - 5 meat rations
 n - 3 royal jellies
 v - 2 fruits


   Skills:
 + Level 3.5 Fighting
 * Level 12.4 Axes
 + Level 4.2 Armour
 + Level 2.1 Dodging
 + Level 9.3 Shields
 + Level 3.3 Invocations
 + Level 0.0 Evocations


You had 9 spell levels left.
You didn't know any spells.

Dungeon Overview and Level Annotations

Branches:
Dungeon (9/15)             Temple (1/1) D:7
   Lair: D:8-11         Orc: D:9-12

Altars:
Ashenzari
Cheibriados
Dithmenos
Elyvilon
Fedhas
Gozag
Hepliaklqana
Kikubaaqudgha
Makhleb
Nemelex Xobeh
Okawaru
Qazlal
Ru
Sif Muna
Trog
Uskayaw
Vehumet
Wu Jian
Xom
Yredelemnul
Zin
The Shining One

Shops:
D:8 :


Innate Abilities, Weirdness & Mutations

You are resistant to damage.
You can heal yourself by infusing magical energy.
You passively map the area around you.
You do not regenerate.


Message History

Evoke which item? (* to show all) (? for menu, Esc to quit)
Aiming: Disintegrate (will waste charges)
Press: ? - help, Shift-Dir - straight line, f/p - two-headed ogre
Aim: a two-headed ogre, wielding two giant spiked clubs (heavily wounded, chance to defeat MR: 48%)
The two-headed ogre is blasted.
Evoking this partially-identified wand wasted a few charges.
You slash the two-headed ogre!
The two-headed ogre is almost dead.
You block the two-headed ogre's attack. The two-headed ogre closely misses you.
You slash the two-headed ogre!
The two-headed ogre is almost dead.
The two-headed ogre hits you but does no damage.
You block the two-headed ogre's attack. You block the two-headed ogre's attack.
The two-headed ogre hits you with a giant spiked club!
* * * LOW HITPOINT WARNING * * *
You hit the two-headed ogre but do no damage.
The two-headed ogre is almost dead.
The two-headed ogre hits you with a giant spiked club!
You die...

#....# * , , #.....
##.#(# #..[.. #.#.#
##..##. #.#.#### #..###.
#.#....# #######.####.
#.#....# #.......###[.
#.#....### #.#######....
..#......#####.# **#....
**
######O@.##..##.......#.
* ,
####...........#..###. *
,...#.......######....
*#. ,..[..<..#### #.# ..
, ......### ..* * .. * ,
,......, *,* ##. ...###
** * * , * ,,... * , , ,
, ** * .., * *,


You could see a two-headed ogre.

Vanquished Creatures
  An unseen horror (D:8)
  A yak (D:9)
  Sigmund (D:6)
  Edmund (D:4)
  Menkaure (D:6)
  The ghost of clown the Conjurer, an amateur DECj of Hepliaklqana (D:4)
  An orc warrior (D:6)
  A black bear (D:6)
  3 ice beasts
  3 sky beasts
  2 phantoms
  A necrophage (D:8)
  5 ogres
  2 centaurs
  A big kobold (D:7)
  Blork the orc (D:6)
  3 bullfrogs (D:6)
  3 scorpions
  5 crimson imps
  3 hounds
  3 jellies
  Crazy Yiuf (D:3)
  4 orc priests
  9 orc wizards
  5 worker ants
  3 iguanas
  A hound zombie (D:7)
  A worker ant zombie (D:6)
  11 adders
  8 gnolls
  2 oozes
  An adder zombie (D:6)
  A worm (D:3)
  3 dart slugs
  A leopard gecko (D:8)
  30 orcs
  2 ball pythons
  5 giant cockroaches
  6 goblins
  6 hobgoblins
  13 jackals
  3 quokkas
  8 bats
  4 frilled lizards
  11 kobolds
  A leopard gecko skeleton (D:4)
  A leopard gecko zombie (D:6)
  2 rats (D:3)
186 creatures vanquished.

Notes
Turn   | Place    | Note
-------+----------+-------------------------------------------
     0 | D:1      | Ordine the Deep Dwarf Fighter began the quest for the Orb.
     0 | D:1      | Reached XP level 1. HP: 20/20 MP: 1/1
    81 | D:1      | Reached XP level 2. HP: 25/27 MP: 2/2
   124 | D:1      | Reached skill level 3 in Axes
   602 | D:2      | Reached XP level 3. HP: 31/33 MP: 3/3
   645 | D:2      | Found a blossoming altar of Fedhas.
   803 | D:2      | Found a sacrificial altar of Ru.
  1242 | D:3      | Reached skill level 4 in Axes
  1242 | D:3      | Reached XP level 4. HP: 35/40 MP: 4/4
  1497 | D:3      | Found a runed door.
  1501 | D:3      | Noticed Crazy Yiuf
  1508 | D:3      | Killed Crazy Yiuf
  1508 | D:3      | Reached skill level 5 in Axes
  1508 | D:3      | Reached XP level 5. HP: 37/46 MP: 0/5
  2101 | D:4      | Noticed Edmund
  2121 | D:4      | Killed Edmund
  2121 | D:4      | Reached skill level 6 in Axes
  2121 | D:4      | Reached skill level 5 in Shields
  2121 | D:4      | Reached XP level 6. HP: 30/55 MP: 6/6
  2238 | D:4      | Noticed clown's ghost (amateur DECj)
  2255 | D:4      | Killed clown's ghost
  2255 | D:4      | Reached skill level 7 in Axes
  2318 | D:3      | Reached XP level 7. HP: 49/61 MP: 7/7
  2362 | D:4      | Got a pair of spiked gloves
  2368 | D:4      | Identified the +0 pair of gloves of a sewer {MR+} (You found it on level 4 of the Dungeon)
  2881 | D:5      | Entered Level 5 of the Dungeon
  2978 | D:5      | Reached skill level 8 in Axes
  3013 | D:5      | HP: 1/61 [orc priest/divine providence (16)]
  3267 | D:4      | Reached XP level 8. HP: 31/68 MP: 8/8
  3290 | D:5      | Reached skill level 9 in Axes
  4278 | D:6      | Noticed Menkaure
  4279 | D:6      | Found a shattered altar of Ashenzari.
  4299 | D:6      | Killed Menkaure
  4299 | D:6      | Reached skill level 10 in Axes
  4361 | D:6      | Gained mutation: You passively map the area around you. [Deep Dwarf growth]
  4361 | D:6      | Reached XP level 9. HP: 25/74 MP: 8/8
  4454 | D:6      | Noticed Sigmund
  4463 | D:6      | Killed Sigmund
  4463 | D:6      | Reached skill level 11 in Axes
  4693 | D:6      | Noticed Blork the orc
  4694 | D:6      | Got a pair of fine boots
  4700 | D:6      | Identified the +0 pair of boots "Viuzuit" {rPois rC++ Str-5 Dex+2} (You found it on level 6 of the Dungeon)
  4708 | D:6      | Killed Blork the orc
  5081 | D:7      | Found an opulent altar of Gozag.
  5168 | D:7      | Found a staircase to the Ecumenical Temple.
  5177 | Temple   | Entered the Ecumenical Temple
  5243 | Temple   | Became a worshipper of Makhleb the Destroyer
  5392 | D:7      | Got a fine robe
  5399 | D:7      | Reached skill level 12 in Axes
  5412 | D:7      | Identified the +1 robe of the Countless Hells {rPois rCorr Int-3 SInv} (You found it on level 7 of the Dungeon)
  5940 | D:8      | Reached skill level 1 in Invocations
  6017 | D:8      | Noticed an unseen horror
  6056 | D:8      | Killed an unseen horror
  6056 | D:8      | Reached skill level 1 in Dodging
  6056 | D:8      | Reached XP level 10. HP: 17/84 MP: 9/9
  6137 | D:8      | Found Unlaor's Book Shop.
  6880 | D:9      | Noticed a two-headed ogre
  6905 | D:9      | Mangled by a two-headed ogre

Vault maps used:
D:1:      dpeg_arrival_arbitrary_b
D:2:      fedhas_altar_3, lemuel_round_altar, first_bread
D:3:      uniq_crazy_yiuf_cottage
D:4:      uniq_edmund
D:6:      basic_altar, uniq_sigmund, uniq_blork_the_orc, uniq_menkaure
D:7:      minmay_temple_entry_trees, grunt_gozag_breadcrumbs
D:8:      serial_shops, nicolae_shop_stone
Temple:   regret_index_temple_chain_breaker

Skill      XL: |  1  2  3  4  5  6  7  8  9 10 |
---------------+-------------------------------+-----
Axes           | 3 4 5 6 7 8 10 12 | 12.4
Shields        | 4 5 6 7 9 |  9.3
Invocations    | 2 3 |  3.3
Fighting       | 3 |  3.5
Armour         | 4 |  4.2
Dodging        | 1 2 |  2.1

Action                   |  1- 3 |  4- 6 |  7- 9 | 10-12 || total
-------------------------+-------+-------+-------+-------++-------
Melee: War axe           |   106 |   164 |   475 |    56 ||   801
 Abil: Evoke Berserk Rag |       |     1 |       |       ||     1
       Heal Wounds       |       |     2 |    11 |     1 ||    14
Evoke: Wand              |       |       |       |     5 ||     5
  Use: Scroll            |    10 |     4 |     5 |       ||    19
       Potion            |       |     5 |       |       ||     5
 Stab: Distracted        |       |       |       |     1 ||     1
       Sleeping          |       |       |       |     1 ||     1
  Eat: Chunk             |     1 |     5 |    13 |     2 ||    21
Armor: Scale mail        |    28 |       |       |       ||    28
       Chain mail        |    14 |       |       |       ||    14
       Plate armour      |    33 |    89 |   215 |       ||   337
       Skin              |       |     3 |       |       ||     3
       Robe              |       |       |    12 |    17 ||    29
Dodge: Dodged            |    31 |    10 |    80 |    17 ||   138
Block: Shield            |    60 |    75 |   249 |    23 ||   407
